 Dungeon Crawl Stone Soup version 0.26.0-91-g99b343417d (webtiles) character file.

Game seed: 6158222647256767672

167 oldmanjim the Bolt Thrower (level 5, -1/32 HPs)
             Began as a Gargoyle Hunter on Feb 3, 2021.
             Was an Initiate of Okawaru.
             Slain by an adder (4 damage)
             ... on level 5 of the Dungeon.
             The game lasted 00:21:25 (4095 turns).

oldmanjim the Bolt Thrower (Gargoyle Hunter)        Turns: 4095, Time: 00:21:26

Health: -1/32      AC: 12    Str: 17    XL:     5   Next: 48%
Magic:  5/5        EV: 11    Int: 11    God:    Okawaru [......]
Gold:   210        SH:  0    Dex: 10    Spells: 4/4 levels left

rFire    . . .     SeeInvis .   b - +0 whip
rCold    . . .     Faith    .   (no shield)
rNeg     + . .     Spirit   .   m - +0 ring mail
rPois    ∞         Reflect  .   g - +0 helmet
rElec    +         Harm     .   (no cloak)
rCorr    .         Rampage  .   (no gloves)
Will     .....                  e - +1 pair of boots
Stlth    ++........             (no amulet)
HPRegen  0.10/turn              (no ring)
MPRegen  0.09/turn              (no ring)

@: no status effects
A: negative energy resistance 1, electricity resistance, unbreathing,
petrification resistance, miasma immunity, AC +4
a: Renounce Religion


You were on level 5 of the Dungeon.
You worshipped Okawaru.
Okawaru was noncommittal.
You visited 1 branch of the dungeon, and saw 5 of its levels.

You collected 210 gold pieces.

Inventory:

Hand Weapons
 a - a +1 hand crossbow
 b - a +0 whip (weapon)
 i - a +0 short sword
Missiles
 d - 16 bolts
 v - 3 poisoned darts
 x - 5 atropa-tipped darts (quivered)
Armour
 e - a +1 pair of boots (worn)
 g - a +0 helmet (worn)
 m - a +0 ring mail (worn)
 w - a +0 plate armour
Jewellery
 c - a cursed ring of attention {unknown}
 y - an uncursed ring of flight {unknown}
Scrolls
 h - 2 scrolls of teleportation
 l - a scroll of immolation {unknown}
 n - 2 scrolls of magic mapping {unknown}
 o - a scroll of enchant armour
 p - a scroll of identify {unknown}
 r - a scroll of random uselessness {unknown}
 t - a scroll of noise {unknown}
Potions
 f - 2 potions of mutation {unknown}
 j - a potion of haste {unknown}
 k - a potion of heal wounds {unknown}
 q - a potion of curing {unknown}
 s - a potion of attraction {unknown}
 u - a potion of might {unknown}


   Skills:
 + Level 3.1 Fighting
 + Level 1.7 Maces & Flails
 + Level 4.5 Crossbows
 + Level 1.9 Armour
 - Level 1.5 Dodging
 * Level 3.6 Stealth


You had 4 spell levels left.
You didn't know any spells.
Your spell library was empty.

Dungeon Overview and Level Annotations

Branches:
Dungeon (5/15)
 Temple: D:4-7

Altars:
Okawaru

Annotations:
D:4 Grinder


Innate Abilities, Weirdness & Mutations

You are resistant to torment.
Your stone body is resilient. (AC +4)
You are immune to poison.
You resist negative energy. (rN+)
You are resistant to electric shocks. (rElec)
You can survive without breathing.
You are immune to petrification.
You are immune to miasma.


Message History

The ogre seems less confused.
An adder comes into view.
A necrophage comes into view.
You hit the ogre.
The ogre is lightly wounded.
The ogre misses you.
You hit the ogre.
The ogre is moderately wounded.
The ogre is no longer blind.
A sky beast comes into view.
The ogre hits you with a cursed +0 giant club.
You hit the ogre.
The ogre is moderately wounded.
The adder bites you but does no damage.
You hit the ogre.
The ogre is severely wounded.
The ogre hits you with a cursed +0 giant club!
* * * LOW HITPOINT WARNING * * *
The adder bites you.
You die...

+.......... ........#
#...)...... .......Y#
#.###<##### ........#
### ...n...!# ..
......(.#####.###
.........<......#####
......O..# #........#
#.S@.# #........#
####.# #........# ##
#.###........ #.
#...'....# #.
#####....# #. #....#
#####. ######....#
#.....
#.........###.####
##.....#.....#.##


You could see a sky beast, an ogre, a necrophage and an adder.

Vanquished Creatures
  Jessica (D:2)
  Robin (D:2)
  3 adders
  A white imp (D:5)
  An ufetubus (D:5)
  An adder zombie (D:5)
  An adder skeleton (D:5)
  2 worms (D:2)
  2 dart slugs (D:1)
  A leopard gecko (D:2)
  An orc (D:4)
  6 bats
  6 giant cockroaches
  13 goblins
  7 hobgoblins
  7 kobolds
  4 quokkas
  6 frilled lizards
  A jackal skeleton (D:5)
  9 rats
74 creatures vanquished.

Vanquished Creatures (others)
  12 fungi (D:1)
12 creatures vanquished.

Grand Total: 86 creatures vanquished

Notes
Turn   | Place    | Note
-------+----------+-------------------------------------------
     0 | D:1      | oldmanjim the Gargoyle Hunter began the quest for the Orb.
     0 | D:1      | Reached XP level 1. HP: 12/12 MP: 1/1
   171 | D:1      | Found an iron altar of Okawaru.
   239 | D:1      | Reached XP level 2. HP: 7/18 MP: 2/2
   894 | D:2      | Reached skill level 1 in Armour
   906 | D:2      | Reached XP level 3. HP: 19/22 MP: 3/3
   987 | D:1      | HP: 1/22 [goblin/+0 club (2)]
  1511 | D:2      | Noticed Robin
  1551 | D:1      | Reached XP level 4. HP: 22/27 MP: 4/4
  1677 | D:2      | Killed Robin
  1678 | D:2      | Reached skill level 1 in Maces & Flails
  1823 | D:1      | Became a worshipper of Warmaster Okawaru
  1929 | D:2      | You fall into a shaft and drop 1 floor!
  2006 | D:2      | Noticed Jessica
  2041 | D:2      | Killed Jessica
  2506 | D:2      | Reached XP level 5. HP: 32/32 MP: 5/5
  3884 | D:4      | Noticed Grinder
  3899 | D:5      | Entered Level 5 of the Dungeon
  4087 | D:5      | Noticed an ogre
  4091 | D:5      | Noticed a necrophage
  4093 | D:5      | Noticed a sky beast
  4095 | D:5      | Slain by an adder

Illustrated notes

Levels and vault maps discovered:
D:1:      scummos_arrival_checkerplants, layout_rooms, solitary_fountain,
          okawaru_ov_weapons_minmay
D:2:      layout_rooms, st_stairs_14, uniq_jessica, uniq_robin
D:3:      layout_rooms, minmay_tree_intersection, minmay_misc_feat_pillars
D:4:      layout_rooms, minmay_temple_entry_mist, grunt_ministairs_13,
          minmay_shop_enchanted_jewellery, serial_park_tiny_1, uniq_grinder,
          uniq_pikel
D:5:      layout_basic, gup_sewer_entry_bowl

Skill      XL: |  1  2  3  4  5 |
---------------+----------------+-----
Stealth        | 2 3 |  3.6
Armour         | 1 |  1.9
Maces & Flails | 1 |  1.7
Fighting       | 3 |  3.1
Crossbows      | |  4.5
Dodging        | |  1.5

Action                   |  1- 3 |  4- 6 || total
-------------------------+-------+-------++-------
Melee: Short sword       |   124 |       ||   124
       Whip              |    49 |   242 ||   291
 Fire: Hand crossbow     |     4 |    11 ||    15
Throw: Dart              |       |    11 ||    11
  Use: Scroll            |       |     3 ||     3
 Stab: Sleeping          |       |     2 ||     2
Armor: Leather armour    |    77 |       ||    77
       Ring mail         |    27 |   105 ||   132
Dodge: Dodged            |   141 |   138 ||   279
